 Dungeon Crawl Stone Soup version 0.22-a0-553-g9358b0b (webtiles) character file.

37 iamserjio the Insei (level 3, 0/31 HPs)
             Began as a Draconian Monk on June 25, 2018.
             Slain by a hobgoblin
             ... wielding a +0 club
             ... led by Robin
              (3 damage)
             ... on level 3 of the Dungeon.
             The game lasted 00:02:55 (240 turns).

iamserjio the Insei (Draconian Monk)                 Turns: 240, Time: 00:02:55

Health: 0/31       AC:  5    Str: 13    XL:     3   Next: 21%
Magic:  3/3        EV: 13    Int: 11    God:
Gold:   0          SH:  0    Dex: 13    Spells: 2/2 levels left

rFire    . . .     SeeInvis .     - Unarmed
rCold    . . .     Gourm    .   (no shield)
rNeg     . . .     Faith    .   (armour unavailable)
rPois    .         Spirit   .   (helmet restricted)
rElec    .         Reflect  .   (no cloak)
rCorr    .         Harm     .   (no gloves)
MR       .....                  (no boots)
Stlth    ++........             (no amulet)
HPRegen  0.10/turn              (no ring)
MPRegen  0.08/turn              (no ring)

@: no status effects
A: unfitting armour, cold-blooded, AC +5
a: no special abilities


You were on level 3 of the Dungeon.
You were not hungry.

You visited 1 branch of the dungeon, and saw 3 of its levels.

Inventory:

Missiles
 c - 13 stones (quivered)
Potions
 b - a potion of curing {unknown}
 d - a potion of lignification {unknown}
Comestibles
 a - a ration


   Skills:
 - Level 3.2 Fighting
 - Level 2.6 Dodging
 - Level 1.7 Stealth
 * Level 4.3 Unarmed Combat


You had 2 spell levels left.
You didn't know any spells.
Your spell library was empty.

Dungeon Overview and Level Annotations

Branches:
Dungeon (3/15)

Altars:


Innate Abilities, Weirdness & Mutations

Your plain brown scales are hard. (AC +5)
You cannot fit into any form of body armour.
You are cold-blooded and may be slowed by cold attacks.


Message History

* * * LOW HITPOINT WARNING * * *
You hit Robin.
You kill Robin!
You have reached level 3!
Your experience leads to an increase in your attributes!
Increase (S)trength, (I)ntelligence, or (D)exterity?
You feel clever.
Your scales feel tougher.
You hit the kobold.
You kill the kobold!
You punch the goblin!
You kill the goblin!
You hit the hobgoblin but do no damage.
You tail-slap the hobgoblin, but do no damage.
The hobgoblin misses you.
You barely miss the hobgoblin.
The hobgoblin hits you but does no damage.
You closely miss the hobgoblin. You tail-slap the hobgoblin.
The hobgoblin is severely wounded.
The hobgoblin hits you with a club.
You die...

##.##)### ####g####
#...K).(# #.#####.# # #
#g# #. # #.# ##.# #.
#.#
.###...########.#####.#
#........@g..##.......#
.###...#####.####.#####
##.# #......# ##
########


You could see a hobgoblin.

Vanquished Creatures
  Robin (D:3)
  2 orcs
  A giant cockroach (D:2)
  7 goblins (D:3)
  A hobgoblin (D:3)
  4 jackals (D:2)
  A quokka (D:3)
  2 frilled lizards (D:1)
  2 kobolds
21 creatures vanquished.

Notes
Turn   | Place    | Note
-------+----------+-------------------------------------------
     0 | D:1      | iamserjio the Draconian Monk began the quest for the Orb.
     0 | D:1      | Reached XP level 1. HP: 19/19 MP: 1/1
    95 | D:3      | Noticed an orc wizard
   102 | D:3      | Reached XP level 2. HP: 15/26 MP: 2/2
   188 | D:3      | Noticed Robin
   193 | D:3      | Reached skill level 4 in Unarmed Combat
   233 | D:3      | Killed Robin
   233 | D:3      | Reached XP level 3. HP: 2/31 MP: 3/3
   240 | D:3      | Slain by a hobgoblin

Vault maps used:
D:1:      dpeg_arrival_lava_temple_mockup
D:3:      uniq_robin

Skill      XL: |  1  2 |
---------------+-------+-----
Unarmed Combat | 4 |  4.3
Fighting       | |  3.2
Dodging        | |  2.6
Stealth        | |  1.7

Action                   || total
-------------------------++-------
Melee: Unarmed           ||    78
       Tailslap          ||    13
       Punch             ||     2
Throw: Stone             ||     1
Armor: Skin              ||    16
Dodge: Dodged            ||    43

Table legend:
 A = Spawn XP
 B = Non-spawn XP
 C = Spawn XP percentage of total XP
 D = Spawn monster count
 E = Non-spawn monster count
 F = Spawn count percentage of total count
 G = Total turns spent on level
                    A         B        C        D         E        F      G
               +---------+---------+-------+---------+---------+-------+---------
         Total |       0 |      53 |   0.0 |       0 |      21 |   0.0 |   240
               +---------+---------+-------+---------+---------+-------+---------
           D:1 |       0 |       3 |   0.0 |       0 |       3 |   0.0 |    45
           D:2 |       0 |      13 |   0.0 |       0 |       6 |   0.0 |    81
           D:3 |       0 |      37 |   0.0 |       0 |      12 |   0.0 |   114
               +---------+---------+-------+---------+---------+-------+---------
